 Dungeon Crawl Stone Soup version 0.30-a0-859-gf88a04b62d (webtiles) character file.

Game seed: 6425911537753605417

822 Darius099 the Digger (level 7, -2/36 HPs)
             Began as a Gargoyle Earth Elementalist on Mar 6, 2023.
             Killed from afar by Dowan (12 damage)
             ... with a stone arrow
             ... on level 5 of the Dungeon.
             The game lasted 00:15:59 (4779 turns).

Darius099 the Digger (Gargoyle Earth Elementalist)  Turns: 4779, Time: 00:16:00

Health: -2/36      AC:  7    Str: 11    XL:     7   Next: 95%
Magic:  6/15       EV: 11    Int: 18    God:
Gold:   123        SH:  0    Dex: 10    Spells: 10/16 levels left

rFire   . . .      SeeInvis .    d - +0 arbalest
rCold   . . .      Faith    .    (shield currently unavailable)
rNeg    + . .      Spirit   .    a - +0 robe
rPois   ∞          Reflect  .    (no helmet)
rElec   +          Rampage  .    l - +0 cloak
rCorr   .                        (no gloves)
Will    .....                    (no boots)
Stlth   ++                       (no amulet)
HPRegen 0.26/turn                (no ring)
MPRegen 0.14/turn                (no ring)

@: no status effects
A: sickness immunity, AC +4, negative energy resistance 1, electricity
resistance, torment resistance 1, petrification resistance
a: no special abilities


You were on level 5 of the Dungeon.
You visited 2 branches of the dungeon, and saw 6 of its levels.

You collected 123 gold pieces.

Inventory:

Hand Weapons
 d - a +0 arbalest (weapon)
 k - the +5 hammer "Wywnaoss" {speed, rC+ rN+ Dex-3 SInv}
   (You found it on level 2 of the Dungeon)

   Dex:       It affects your dexterity (-3).
   rC:        It protects you from cold.
   rN:        It protects you from negative energy.
   SInv:      It lets you see invisible.
Armour
 a - a +0 robe (worn)
 l - a +0 cloak (worn)
Wands
 j - a wand of digging (7)
Scrolls
 g - a scroll of noise {unknown}
 h - 5 scrolls of teleportation {unknown}
 i - 7 scrolls of identify {unknown}
 m - 2 scrolls of fear {unknown}
 n - a scroll of silence {unknown}
 o - a scroll of summoning {unknown}
 p - a scroll of enchant armour {unknown}
Potions
 b - a potion of magic
 c - a potion of heal wounds {unknown}
 e - 2 potions of curing {unknown}
 f - 2 potions of ambrosia {unknown}


   Skills:
 - Level 1.5 Dodging
 - Level 2.1 Stealth
 + Level 5.3 Spellcasting
 + Level 3.7 Conjurations
 - Level 0.7 Transmutations
 + Level 7.6 Earth Magic


You had 10 spell levels left.
You knew the following spells:

 Your Spells              Type           Power      Damage    Failure   Level
a - Sandblast             Erth           64%        2d14      1%          1
b - Passwall              Tmut/Erth      15%        N/A       3%          2
c - Stone Arrow           Conj/Erth      50%        3d10      3%          3

Your spell library contained the following spells:

 Spells                   Type           Power      Damage    Failure   Level
 Magic Dart               Conj           72%        1d6       2%          1
 Searing Ray              Conj           36%        2d5       4%          2
 Static Discharge         Conj/Air       22%        2-3/arc   9%          2
 Summon Small Mammal      Summ           16%        N/A       13%         1
 Petrify                  Tmut/Erth      19%        N/A       22%         4
 Call Canine Familiar     Summ           4%         N/A       36%         3
 Inner Flame              Hex/Fire       4%         N/A       36%         3
 Summon Guardian Golem    Hex/Summ       4%         N/A       36%         3
 Vhi's Electric Charge    Tloc/Air       8%         N/A       36%         3
 Fulminant Prism          Conj/Hex       5%         3d7       52%         4
 Cause Fear               Hex            2%         N/A       77%         4
 Summon Ice Beast         Ice/Summ       4%         N/A       77%         4
 Arcjolt                  Conj/Air       5%         1d15      86%         5
 Lightning Bolt           Conj/Air       5%         1d17      86%         5
 Summon Mana Viper        Hex/Summ       4%         N/A       98%         5
 Monstrous Menagerie      Summ           2%         N/A       100%        7
 Discord                  Hex            2%         N/A       100%        8


Dungeon Overview and Level Annotations

Branches:
Dungeon (5/15)             Temple (1/1) D:4

Altars:
Ashenzari
Cheibriados
Dithmenos
Elyvilon
Fedhas
Gozag
Hepliaklqana
Kikubaaqudgha
Makhleb
Nemelex Xobeh
Okawaru
Qazlal
Ru
Sif Muna
Trog
Uskayaw
Wu Jian
Xom
Zin
The Shining One

Shops:
D:1 [

Annotations:
D:5 Dowan


Innate Abilities, Weirdness & Mutations

You are immune to sickness and miasma.
Your stone body is resilient. (AC +4)
You are immune to poison.
You resist negative energy. (rN+)
You are resistant to electric shocks. (rElec)
You are resistant to unholy torment.
You are immune to petrification.


Message History

Duvessa barely misses you.
You finish merging with the rock.
Casting: Passwall (safe; 3% risk of failure)
Confirm with . or Enter, or press ? or * to list all spells.
Aiming: Stone Arrow (dangerous; 4% risk of failure)
Press: ? - help, Shift-Dir - straight line, f - Duvessa
Aim: Duvessa, wielding a +0 short sword and wearing a +0 ring mail (fast, 79% to hit)
The stone arrow hits Duvessa!!
Duvessa is heavily wounded.
Duvessa closely misses you.
Casting: Stone Arrow (dangerous; 4% risk of failure)
Confirm with . or Enter, or press ? or * to list all spells.
Aiming: Stone Arrow (dangerous; 4% risk of failure)
Press: ? - help, Shift-Dir - straight line, f/p - Duvessa
Aim: Duvessa, wielding a +0 short sword and wearing a +0 ring mail (heavily wounded, fast, 79% to hit)
The stone arrow hits Duvessa!
Duvessa is severely wounded.
Duvessa hits you but does no damage.
Casting: Stone Arrow (dangerous; 4% risk of failure)
Confirm with . or Enter, or press ? or * to list all spells.
Aiming: Stone Arrow (dangerous; 4% risk of failure)
Press: ? - help, Shift-Dir - straight line, f/p - Duvessa
Aim: Duvessa, wielding a +0 short sword and wearing a +0 ring mail (severely wounded, fast, 79% to hit)
The stone arrow hits Duvessa!
You kill Duvessa!
Dowan's eyes darken. "You have made a black mistake."
Dowan seems to find hidden reserves of power!
Dowan casts a spell at you. The shard of ice misses you.
Dowan gestures wildly while chanting.
Dowan blinks!
There is an open door here.
Dowan shakes with grief.
Dowan casts a spell at you. The shard of ice hits you!!
Ouch! That really hurt!
* * * LOW HITPOINT WARNING * * *
Dowan casts a spell at you. The stone arrow hits you!
You die...

######## #......# #......#
#......# #......###########
####### #.......#........##
#.....# #.......#..e.@....#
##<...# #.......'.........#
#....#
#.......######...##########'##
######.......#...#........)).#
#.......#.....#..........
#...e...+.....#....)....^
#.......#.....'.^........
#.......#.....#....^..^..
#.......#.....#.....^...^


You could see Dowan (fast).

Vanquished Creatures
  Duvessa (D:5)
  A black bear (D:4)
  An ogre (D:4)
  3 scorpions
  2 orc priests (D:4)
  Crazy Yiuf (D:2)
  Natasha (thrice) (D:2)
  An orc wizard (D:5)
  Robin (D:2)
  3 gnolls (D:3)
  3 adders
  A worm (D:4)
  2 dart slugs
  7 orcs
  4 ball pythons
  4 bats
  13 endoplasms
  2 giant cockroaches
  11 goblins
  12 hobgoblins
  7 jackals
  4 quokkas
  4 frilled lizards
  9 kobolds
  5 rats
105 creatures vanquished.

Notes
Turn   | Place    | Note
-------+----------+-------------------------------------------
     0 | D:1      | Darius099 the Gargoyle Earth Elementalist began the quest
                  | for the Orb.
     0 | D:1      | Reached XP level 1. HP: 10/10 MP: 3/3
   181 | D:1      | Reached skill level 4 in Earth Magic
   181 | D:1      | Reached XP level 2. HP: 11/15 MP: 0/5
   525 | D:1      | Found Wejaq's Antique Armour Emporium.
   724 | D:1      | Reached XP level 3. HP: 19/19 MP: 6/6
  1429 | D:2      | Learned a level 2 spell: Passwall
  1715 | D:2      | Reached XP level 4. HP: 18/24 MP: 3/8
  1873 | D:2      | Found a faded altar of an unknown god.
  1977 | D:2      | Noticed Robin
  1982 | D:2      | Killed Robin
  1983 | D:2      | Reached skill level 5 in Earth Magic
  2193 | D:2      | Noticed Natasha
  2199 | D:2      | Killed Natasha
  2271 | D:2      | Noticed Natasha
  2274 | D:2      | Killed Natasha
  2275 | D:2      | Reached XP level 5. HP: 28/28 MP: 7/10
  2456 | D:2      | Noticed Natasha
  2461 | D:2      | Killed Natasha
  2590 | D:2      | Found a runed translucent door.
  2591 | D:2      | Noticed Crazy Yiuf
  2599 | D:2      | Killed Crazy Yiuf
  2695 | D:2      | Identified the +5 hammer "Wywnaoss" {speed, rC+ rN+ Dex-3
                  | SInv}
  2858 | D:3      | Found a stormy altar of Qazlal.
  2869 | D:3      | Noticed an air elemental
  2870 | D:3      | Noticed a fire elemental
  2870 | D:3      | Noticed a water elemental
  2896 | D:3      | Found an ornate altar of the Wu Jian Council.
  3026 | D:3      | Reached skill level 6 in Earth Magic
  3038 | D:3      | Reached XP level 6. HP: 25/32 MP: 9/12
  3042 | D:3      | Learned a level 3 spell: Stone Arrow
  3213 | D:3      | Found a broken altar of Ashenzari.
  3349 | D:3      | Reached skill level 1 in Conjurations
  3364 | D:3      | Found a blossoming altar of Fedhas.
  3364 | D:3      | Found a shimmering altar of Xom.
  3367 | D:3      | Found a sacrificial altar of Ru.
  3454 | D:3      | Identified the +2 ring mail of Polish {rC+ Will+ Dex+3}
  3682 | D:3      | Found a snail-covered altar of Cheibriados.
  3814 | D:4      | Reached XP level 7. HP: 36/36 MP: 8/14
  3816 | D:4      | Found a staircase to the Ecumenical Temple.
  3824 | Temple   | Entered the Ecumenical Temple
  4181 | D:4      | Reached skill level 7 in Earth Magic
  4352 | D:4      | Reached skill level 5 in Spellcasting
  4564 | D:4      | Found a hazy altar of Hepliaklqana.
  4599 | D:4      | Found a white marble altar of Elyvilon.
  4654 | D:5      | Entered Level 5 of the Dungeon
  4749 | D:5      | Noticed Duvessa
  4749 | D:5      | Noticed Dowan
  4766 | D:5      | Killed Duvessa
  4779 | D:5      | Killed from afar by Dowan

Illustrated notes

Levels and vault maps discovered:
D:1:      dpeg_arrival_arbitrary_c, layout_loops_corners, serial_shops, shop
D:2:      layout_basic, hellmonk_ecumenical_altar_arch_garden, uniq_natasha,
          uniq_crazy_yiuf_cottage, uniq_robin
D:3:      layout_loops_cross, mainiacjoe_overflow_small_starburst,
          nicolae_qazlal_style_of_elements, nzn_wu_jian_council_hall,
          nicolae_overflow_crystal_walls, minitemple, solitary_fountain
D:4:      layout_rooms, general_overflow_altar, mainiacjoe_overflow_alcove_1,
          minmay_temple_entry_trees
D:5:      minmay_opposing_rooms, layout_gridville, minmay_holes,
          kennysheep_another_room, dk_noncrumbling_4,
          ebering_dispersal_statue_hall, uniq_duvessa
Temple:   jpeg_temple_clearing

Skill      XL: |  1  2  3  4  5  6  7 |
---------------+----------------------+-----
Earth Magic    | 4 5 6 7 |  7.6
Spellcasting   | 3 4 5 |  5.3
Conjurations   | 2 3 |  3.7
Dodging        | |  1.5
Stealth        | |  2.1
Transmutations | |  0.7

Action                     |  1- 3 |  4- 6 |  7- 9 || total
---------------------------+-------+-------+-------++-------
  Melee: Dagger            |     1 |       |       ||     1
   Fire: Arbalest          |    67 |    55 |    35 ||   157
   Cast: Sandblast         |    28 |    40 |    13 ||    81
         Stone Arrow       |       |     1 |    14 ||    15
         Passwall          |       |       |     1 ||     1
 Armour: Robe              |    23 |    21 |    19 ||    63
  Dodge: Dodged            |    33 |    40 |    20 ||    93

Table legend: (Time is in decaauts)
 A = Elapsed time spent in this place.
 B = Non-inter-level travel time spent in this place.
 C = Inter-level travel time spent in this place.
 D = Time resting spent in this place.
 E = Time spent auto-exploring this place.
 F = Levels seen in this place.
 G = Mean time per level.
                   A        B        C        D        E       F      G
               +--------+--------+--------+--------+--------+-----+--------+
         Total |   4963 |   4722 |    241 |    610 |   2964 |   6 |  827.2 |
       Dungeon |   4838 |   4597 |    241 |    610 |   2866 |   5 |  967.6 |
        Temple |    125 |    125 |      0 |      0 |     98 |   1 |  125.0 |
               +--------+--------+--------+--------+--------+-----+--------+

Top non-repeatable levels by time:
     D:2: 1625 daAuts
     D:1: 1287 daAuts
     D:3: 993 daAuts
     D:4: 800 daAuts
     D:5: 131 daAuts
  Temple: 125 daAuts
